 Dungeon Crawl Stone Soup version 0.30-a0-808-g6e0788376e (webtiles) character file.

Game seed: 14185991254380477426

4396 cforsyth the Covert (level 10, -6/58 HPs)
             Began as a Kobold Brigand on Feb 26, 2023.
             Was a Priest of Hepliaklqana.
             Mangled by a yak (15 damage)
             ... on level 9 of the Dungeon.
             The game lasted 00:09:50 (9337 turns).

cforsyth the Covert (Kobold Brigand)                Turns: 9337, Time: 00:09:51

Health: -6/58      AC:  6    Str:  9    XL:     10   Next: 61%
Magic:  3/3        EV: 21    Int: 15    God:    Hepliaklqana [***...]
Gold:   96         SH:  0    Dex: 20    Spells: 9/9 levels left

rFire   + . .      SeeInvis .    H - +5 short sword "Basseidaex" {antimagic, Fly Int+2}
rCold   + . .      Faith    .    (no shield)
rNeg    + . .      Spirit   .    z - +2 robe {rC+ rF+}
rPois   +          Reflect  .    (no helmet)
rElec   .          Harm     .    c - +0 cloak
rCorr   .          Rampage  .    I - +0 pair of gloves
Will    .....                    (no boots)
Stlth   ++++++                   (no amulet)
HPRegen 0.29/turn                v - ring of poison resistance
MPRegen 0.08/turn                x - ring of positive energy

@: flying
A: reduced essence, small, no large weapons, nightstalker 3
a: Renounce Religion, Recall Ancestor, Ancestor Identity, Transference


You were on level 9 of the Dungeon.
You worshipped Hepliaklqana.
Hepliaklqana was most pleased with you.
You visited 1 branch of the dungeon, and saw 9 of its levels.

You collected 264 gold pieces.
You spent 168 gold pieces at shops.

Inventory:

Hand Weapons
 a - a +2 dagger
 o - a +3 vampiric dagger
 H - the +5 short sword "Basseidaex" (weapon) {antimagic, Fly Int+2}
   (You bought it in a shop on level 3 of the Dungeon)

   Int:       It affects your intelligence (+2).
   Fly:       It grants you flight.
Missiles
 d - 24 poisoned darts (quivered)
 e - 8 curare-tipped darts
Armour
 b - a +0 robe
 c - a +0 cloak (worn)
 z - a +2 robe of resistance (worn)
 I - a +0 pair of gloves (worn)
Jewellery
 v - a ring of poison resistance (left hand)
 w - a ring of fire
 x - a ring of positive energy (right hand)
 D - an amulet of guardian spirit
 M - a ring of flight
Wands
 n - a wand of flame (16)
 y - a wand of digging (4)
 F - a wand of polymorph (4)
 J - a wand of paralysis (8)
 O - a wand of acid (7)
Scrolls
 g - 2 scrolls of fog {unknown}
 i - 2 scrolls of blinking {unknown}
 j - 2 scrolls of enchant weapon {unknown}
 l - 13 scrolls of identify {unknown}
 m - a scroll of noise {unknown}
 p - 2 scrolls of fear {unknown}
 t - 9 scrolls of teleportation {unknown}
 A - a scroll of magic mapping {unknown}
 B - a scroll of torment {unknown}
 E - a scroll of poison {unknown}
 L - a scroll of vulnerability {unknown}
Potions
 f - a potion of mutation {unknown}
 h - 2 potions of haste {unknown}
 k - a potion of lignification
 q - 2 potions of magic
 r - a potion of degeneration {unknown}
 s - 5 potions of attraction {unknown}
 u - a potion of brilliance {unknown}
 C - a potion of heal wounds {unknown}
 G - a potion of ambrosia {unknown}
 K - a potion of invisibility {unknown}
 N - a potion of might


   Skills:
 + Level 8.4 Fighting
 + Level 10.0 Short Blades
 - Level 2.1 Throwing
 + Level 8.9 Dodging
 + Level 11.7 Stealth


You had 9 spell levels left.
You didn't know any spells.
Your spell library contained the following spells:

 Spells                   Type           Power      Damage    Failure   Level
 Magic Dart               Conj           0%         1d3       26%         1
 Necrotise                Necr           0%         1d4       26%         1
 Sandblast                Erth           0%         2d4       26%         1
 Cigotuvi's Dreadful Rot  Necr/Pois/Air  0%         N/A       38%         2
 Lesser Beckoning         Tloc           0%         N/A       38%         2
 Passwall                 Tmut/Erth      0%         N/A       38%         2
 Poisonous Vapours        Pois/Air       0%         N/A       38%         2
 Searing Ray              Conj           0%         2d4       38%         2
 Frozen Ramparts          Ice            0%         1d1       63%         3
 Gell's Gravitas          Tloc           0%         N/A       63%         3
 Mephitic Cloud           Conj/Pois/Air  0%         N/A       63%         3
 Stone Arrow              Conj/Erth      0%         3d7       63%         3
 Teleport Other           Tloc           0%         N/A       63%         3
 Vampiric Draining        Necr           0%         2d6       63%         3
 Animate Armour           Summ/Erth      0%         N/A       95%         4
 Dispel Undead            Necr           0%         3d6       95%         4
 Fulminant Prism          Conj/Hex       0%         3d5       95%         4
 Ice Form                 Ice/Tmut       0%         N/A       95%         4
 Summon Ice Beast         Ice/Summ       0%         N/A       95%         4
 Agony                    Necr           0%         N/A       100%        5
 Blade Hands              Tmut           0%         N/A       100%        5
 Death Channel            Necr           0%         N/A       100%        6
 Iron Shot                Conj/Erth      0%         9d1       100%        6


Dungeon Overview and Level Annotations

Branches:
Dungeon (9/15)             Temple (0/1) D:4            Lair (0/5) D:9
    Orc: D:9-12

Altars:
Elyvilon
Fedhas
Hepliaklqana
Kikubaaqudgha
Qazlal
Ru
Uskayaw
Wu Jian
Xom
Zin

Shops:
D:1 [   D:3 (   D:9 [


Innate Abilities, Weirdness & Mutations

Your life essence is reduced to manifest your ancestor. (-10% HP)
You are small and have problems with some larger weapons.
You are completely attuned to the shadows.


Message History

You hit the yak.
The yak is almost dead.
The yak misses you.
You hit the yak.
You kill the yak!
The yak gores you! x2; The yak misses you. x2
You are too injured to fight recklessly!
You are too injured to fight recklessly!
You are too injured to fight recklessly!
You are too injured to fight recklessly!
You are too injured to fight recklessly!
You are too injured to fight recklessly!
You are too injured to fight recklessly!
You are too injured to fight recklessly!
You are too injured to fight recklessly!
You are too injured to fight recklessly!
You swap places. Æthelred points at the yak and mumbles some strange words.
The yak seems to slow down.
The yak closely misses Æthelred.
The yak gores Æthelred!
The yak barely misses Æthelred.
Something gores Æthelred! Æthelred hits the yak with a +0 dagger of draining.
The yak closely misses Æthelred.
The yak gores Æthelred! Æthelred is destroyed!
The yak closely misses you. The yak misses you.
The yak attacks as you move away! The yak closely misses you.
The yak attacks as you move away! The yak misses you.
The yak attacks as you move away! The yak gores you but does no damage.
The yak attacks as you move away! The yak completely misses you.
The yak attacks as you move away! The yak misses you.
The yak attacks as you move away! The yak closely misses you.
The yak attacks as you move away! The yak misses you.
The yak attacks as you move away! The yak gores you!
The yak attacks as you move away! The yak completely misses you.
The yak attacks as you move away! The yak barely misses you.
The yak attacks as you move away! The yak gores you!
* * * LOW HITPOINT WARNING * * *
The yak attacks as you move away! The yak gores you!
You die...

#......[#..........#..#####
###...........#.....##..#
#.##...##...####..####..#
..#..####...# ##.># #..#
##..#####...###...# #..#
##...............## #..#
...YY............## ##..###
....####..........###.....####
.....# #....YY.Y@..#.........#
..'#######+.###Y........######
..#...#...#.# ##.....####
..#...#.†.#.# ##....#
#.#.......### ##...#
#####._.### ##..###
###..)....### #....##
#.#...#...#.# ###.....
#.#...#...#.######.......


You could see 4 yaks.

Vanquished Creatures
  Pikel (D:5)
  5 yaks (D:9)
  A steam dragon (D:8)
  Edmund (D:4)
  4 water moccasins
  Duvessa (D:8)
  An orc warrior (D:5)
  An ice beast (D:6)
  2 ogres (D:4)
  2 centaurs
  A kobold brigand (D:7)
  A gnoll sergeant (D:8)
  2 scorpions
  A necrophage (D:6)
  2 wights (D:8)
  2 electric eels (D:8)
  A jelly (D:5)
  3 orc priests
  3 hounds (D:5)
  An iguana (D:6)
  6 orc wizards
  11 gnolls
  2 adders
  2 white imps
  An ufetubus (D:5)
  2 worms
  4 dart slugs
  25 orcs
  8 ball pythons
  2 bats
  3 endoplasms
  2 giant cockroaches
  6 goblins
  5 hobgoblins
  3 jackals (D:5)
  6 quokkas
  7 frilled lizards
  12 kobolds
  5 rats
148 creatures vanquished.

Vanquished Creatures (collateral kills)
  2 yaks (D:9)
  An orc warrior (D:9)
  A phantom (D:6)
  2 scorpions
  A wight (D:8)
  2 gnoll boudas
  An orc priest (D:6)
  2 jellies
  An orc wizard (D:5)
  4 gnolls
  An ancestor (D:6)
  An adder (D:5)
  2 orcs
  A giant cockroach (D:9)
  A jackal (D:5)
23 creatures vanquished.

Vanquished Creatures (others)
  Dowan (D:7)
  2 hexers
3 creatures vanquished.

Grand Total: 174 creatures vanquished

Notes
Turn   | Place    | Note
-------+----------+-------------------------------------------
     0 | D:1      | cforsyth the Kobold Brigand began the quest for the Orb.
     0 | D:1      | Reached XP level 1. HP: 12/12 MP: 1/1
   101 | D:1      | Reached XP level 2. HP: 17/18 MP: 2/2
   262 | D:1      | Found Yvvix's Antique Armour Emporium.
   939 | D:2      | Reached XP level 3. HP: 22/22 MP: 3/3
  1072 | D:2      | You fall into a shaft and drop 1 floor!
  1079 | D:3      | Found an ornate altar of the Wu Jian Council.
  1125 | D:3      | Identified the +4 ring mail of Responsibility {rF+ Dex-4
                  | SInv}
  1561 | D:2      | Reached XP level 4. HP: 27/27 MP: 4/4
  1578 | D:2      | Found a faded altar of an unknown god.
  1756 | D:3      | Found Josoff's Antique Weapon Emporium.
  1793 | D:3      | Reached skill level 6 in Stealth
  2134 | D:4      | Noticed Edmund
  2149 | D:4      | Killed Edmund
  2150 | D:4      | Reached XP level 5. HP: 10/33 MP: 5/5
  2150 | D:4      | Reached XP level 6. HP: 12/38 MP: 6/6
  2258 | D:4      | Found a staircase to the Ecumenical Temple.
  2265 | D:4      | Noticed an ogre
  2269 | D:4      | Killed an ogre
  2309 | D:4      | Reached skill level 5 in Short Blades
  2309 | D:4      | Reached skill level 7 in Stealth
  2345 | D:4      | Found a white marble altar of Elyvilon.
  2397 | D:4      | Found a shimmering altar of Xom.
  2403 | D:4      | Reached XP level 7. HP: 43/43 MP: 7/7
  2749 | D:4      | Found an ancient bone altar of Kikubaaqudgha.
  2749 | D:4      | Found a hazy altar of Hepliaklqana.
  2749 | D:4      | Found a stormy altar of Qazlal.
  2755 | D:4      | Became a worshipper of Hepliaklqana the Forgotten
  2961 | D:5      | Entered Level 5 of the Dungeon
  3008 | D:5      | Noticed a water moccasin
  3012 | D:5      | Killed a water moccasin
  3056 | D:5      | Noticed Pikel
  3105 | D:5      | Killed Pikel
  3106 | D:5      | Reached skill level 5 in Fighting
  3106 | D:5      | Reached skill level 5 in Dodging
  3106 | D:5      | Reached skill level 8 in Stealth
  3106 | D:5      | Reached XP level 8. HP: 16/50 MP: 8/8
  4235 | D:5      | Identified the +1 robe "Ziecoh" {-Tele Rampage rN++ Stlth+}
  4417 | D:5      | Reached * piety under Hepliaklqana
  5243 | D:5      | Reached skill level 9 in Stealth
  5457 | D:5      | Reached XP level 9. HP: 22/49 MP: 9/9
  6236 | D:6      | Reached ** piety under Hepliaklqana
  6237 | D:6      | Remembered your ancestor Æthelred as a hexer
  6384 | D:6      | Reached skill level 10 in Stealth
  6475 | D:6      | Identified the +6 chain mail "Maust" {Harm rF+ rC+ Dex-3}
  6488 | D:6      | Found a hide-covered altar of Uskayaw.
  6494 | D:6      | Found a blossoming altar of Fedhas.
  6873 | D:3      | Bought a steaming short sword for 168 gold pieces
  6873 | D:3      | Identified the +5 short sword "Basseidaex" {antimagic, Fly
                  | Int+2} (You bought it in a shop on level 3 of the Dungeon)
  7027 | D:7      | Noticed Dowan
  7029 | D:7      | Noticed Duvessa
  7033 | D:7      | Noticed a gargoyle
  7034 | D:7      | Killed Dowan
  7109 | D:8      | Killed Duvessa
  7626 | D:8      | Reached XP level 10. HP: 56/56 MP: 3/10
  8108 | D:8      | Reached skill level 11 in Stealth
  8749 | D:9      | Found Rafro's Armour Emporium.
  8776 | D:9      | Reached *** piety under Hepliaklqana
  8808 | D:9      | Found a staircase to the Lair.
  8840 | D:9      | Reached skill level 10 in Short Blades
  9212 | D:9      | Found a sacrificial altar of Ru.
  9254 | D:9      | Found a glowing silver altar of Zin.
  9337 | D:9      | Mangled by a yak

Illustrated notes

Levels and vault maps discovered:
D:1:      minmay_arrival_up_and_down, layout_basic, serial_shops, shop
D:2:      layout_basic, chequers_ecumenical_altar_grove,
          amcnicky_mini_corridor_feature
D:3:      layout_rooms, nzn_wu_jian_contemplation, serial_shops, shop,
          minmay_misc_feat_roman
D:4:      layout_rooms, gammafunk_temple_overflow_claw,
          mainiacjoe_overflow_two_lobes, minmay_temple_entry_steel_oval,
          chequers_serial_rivers_micro_e, uniq_edmund
D:5:      layout_layer_cave, uniq_pikel
D:6:      layout_cave_pools, fedhas_altar_2, lemuel_crystal_altar
D:7:      layout_loops_cross, lemuel_crystal_altar, okawaru_altar_gauntlet_db,
          uniq_menkaure, uniq_duvessa, uniq_prince_ribbit1
D:8:      statuecave_lemuel, layout_loops_corners
D:9:      layout_layer_cave, zin_academy, nicolae_ru_great_annihilating_truth,
          trog_butcher_becter, dpeg_oklobed_lair, serial_shops, shop,
          nicolae_shop_window_shopping, shop, shop, uniq_grum

Skill      XL: |  1  2  3  4  5  6  7  8  9 10 |
---------------+-------------------------------+-----
Short Blades   | 3 4 5 6 7 8 10 | 10.0
Dodging        | 2 3 4 5 6 7 8 |  8.9
Stealth        | 6 7 8 9 10 11 | 11.7
Fighting       | 3 4 5 6 7 8 |  8.4
Throwing       | |  2.1

Action                     |  1- 3 |  4- 6 |  7- 9 | 10-12 || total
---------------------------+-------+-------+-------+-------++-------
  Melee: Dagger            |    94 |    43 |   272 |       ||   409
         Punch             |       |     3 |     3 |     4 ||    10
         Short sword       |       |       |    66 |   131 ||   197
 Invoke: Recall Ancestor   |       |       |     2 |       ||     2
         Ancestor Life: He |       |       |     1 |       ||     1
    Use: Potion            |       |       |     5 |       ||     5
   Stab: Sleeping          |    15 |    12 |    22 |     2 ||    51
         Distracted        |       |       |     3 |     1 ||     4
         Confused          |       |       |     4 |     4 ||     8
         Paralysed         |       |       |       |     1 ||     1
 Armour: Robe              |    17 |     1 |    47 |    10 ||    75
         Skin              |       |       |     3 |       ||     3
  Dodge: Dodged            |    45 |    22 |   195 |    90 ||   352

Table legend: (Time is in decaauts)
 A = Elapsed time spent in this place.
 B = Non-inter-level travel time spent in this place.
 C = Inter-level travel time spent in this place.
 D = Time resting spent in this place.
 E = Time spent auto-exploring this place.
 F = Levels seen in this place.
 G = Mean time per level.
                   A        B        C        D        E       F      G
               +--------+--------+--------+--------+--------+-----+--------+
         Total |   9137 |   8804 |    333 |   1686 |   5964 |   9 | 1015.2 |
       Dungeon |   9137 |   8804 |    333 |   1686 |   5964 |   9 | 1015.2 |
               +--------+--------+--------+--------+--------+-----+--------+

Top non-repeatable levels by time:
     D:5: 2279 daAuts
     D:4: 1701 daAuts
     D:8: 1413 daAuts
     D:1: 927 daAuts
     D:9: 803 daAuts
     D:6: 737 daAuts
     D:3: 615 daAuts
     D:2: 581 daAuts
     D:7: 76 daAuts
